Workbook

Sheet Quick Reference Guide
A1: Training Grants Tracking & Compilation Workbook
A2: Quick Reference Guide
A4: Getting Started
A5: 1. Enter data in the highlighted columns of either the Publications or Trainee Activities sheet.
A6: 2. The first four columns (Trainee Name, UCI-ID, Type, Mentor) are identical across all sheets. Enter them once to avoid duplication of effort.
A7: 3. Paste these into the first four columns of the Master sheet to maintain consistency.
A8: 4. Complete all remaining fields in the source sheets.
A9: 5. Use the fill handle to refresh linked fields in the Master sheet.
A10: 6. Review all auto-filled data for completeness.
A12: Required Fields Checklist
A13: Trainee Information: Full Name (Last, First), Trainee UCI-ID, Trainee Type, Mentor, Department, Topic of Research, Start Year of PhD, Year Supported by this Training Grant
A14: Milestones: Doctoral Degree| End Year, Postdoc Start Date, Initial & Current Position
... A45: See the User Guide Tab for Column Definitions & further Instructions

Sheet Full User Guide
A7: Training Grants Tracking and Compilation Workbook – User Guide
A10: 📘 Welcome to the Trainee Management Workbook for Training Grants
A11: This guide helps you maintain accurate, NIH-compliant records for your T32 training program. Use it to streamline data entry, reduce duplication, and stay aligned with NIH's updated reporting requirements.
A13: A. Overview
A14: The NIH updated its Institutional Training Grant data tables (effective January 25, 2025) to streamline reporting and enable reviewers to more quickly identify inconsistencies in Tables 5A/B and 8A/B. This update leaves very little margin for error, increasing the likelihood that even minor discrepancies will be flagged.
A15: In response to this challenge—as well as those encountered during recent renewal submissions—and to better support T32 programs in collecting essential data such as publications, trainee activities, demographics, and other key metrics for reports, RPPRs, and renewal applications, we developed this Training Grants Tracking & Compilation Template.
A16: By consolidating everything in one place, this tool:
A17: ✔ Improves accuracy and consistency
A18: ✔ Saves time spent locating scattered data
A19: ✔ Keeps information current and organized
A20: ✔ Ensures seamless, NIH-ready reporting for renewals and progress report
A21: Use this workbook as your trusted resource. It ensures consistent data throughout the T32 lifecycle.
A23: B. Color-Coding Guide:
A24: Color | B24: Meaning
A25: 🟩 Green | B25: Publications (feeds Master sheet)
A26: 🟪 Fuchsia | B26: Trainee Activities (feeds Master sheet)
A28: C. Linked Column Instructions
A29: Data entered in the green (Publications) and fuchsia (Trainee Activities) columns automatically link to the Master sheet.
A30: To update the Master sheet:
A31: • Enter or update data in the highlighted source columns (Publications / Trainee Activities sheets)
A32: • Go to the Master sheet
A33: • Use the fill handle (small square at the bottom-right corner of a cell) to drag down and refresh the linked columns
A34: ✅ Only highlighted columns are auto-populated. All other columns must be updated manually.
A36: D. Column Definitions & Instructions
A37: (Listed in alphabetical order for quick reference)
A38: Column Name | B38: Description / Instruction
A39: Active PubMed Link | B39: Insert the PubMed URL for this publication to enable direct access.
A40: Activity Description | B40: Provide a brief description of the activity attended or completed. It supports activity tracking in the Master sheet.
A41: Activity Type | B41: Specify the category of the activity (e.g., seminar, conference, workshop).
A42: Clinical Trials | B42: List clinical trials in which the trainee has participated or led.
A43: Current Position | B43: Enter the trainee’s current employment or professional role.
A44: Date of Activity | B44: Enter the date when the activity occurred (MM/DD/YYYY).
A45: Department | B45: Enter the academic or research department of the trainee.
A46: Doctoral Degree | B46: End Year.
A47: Faculty Mentor | B47: Name of the faculty mentor or advisor assigned to the trainee.
A48: GPA (UG/Grad) | B48: Record undergraduate or graduate GPA if available.
A49: Subsequent Grants / Role / Year Awarded | B49: List relevant grants awarded, after the T32 Training
... A71: Year Supported by this TG | B71: Indicate the year(s) the trainee was supported by this training grant.

Sheet Master_Tracking
A5: Trainee Full Name | Last Name, First Name | B5: Trainee UCI - ID | C5: Trainee Type | D5: Faculty Mentor | Last Name, First Name | E5: Year Supported by this TG | F5: Department | G5: Topic of Research | H5: Start Year of PhD | I5: Support During Training | J5: Doctoral Degree | End Year | K5: Post-doc Start Date | L5: Subsequent Grants / Role / Year Awarded | M5: Permanent Email Address | N5: TGE (US Citizen/PR) | O5: Number of Publications | Link* | P5: Trainee Activity Type | Link** | Q5: ORCID iD | R5: Initial Position | S5: Current Position | T5: GPA (UG/Grad) | U5: Previous Institution | V5: Patents | W5: Clinical Trials | X5: LinkedIn link | Y5: Last Modified
A6: Blake, Lisa | C6: Pre-doc | D6: Ramirez, Elena | E6: 2015–2016 | F6: BME | G6: Neural interface optimization | H6: 2013 | I6: Yr1: Univ | Yr2: R01 | Yr3–4: T32 XXX | Yr5: R01 | Yr6: R01 | J6: PhD, 2018 | L6: F31 / PI / 2017 | M6: l.blake@email.com | N6: Yes | O6: =_xlfn.XLOOKUP(A6, Publications!A:A, Publications!H:H, "Not Found") -> Total: 2 pubs; First Author: 0 pubs; In-progress: 1 pub | P6: {=_xlfn.TEXTJOIN("; ",TRUE,_xlfn._xlws.FILTER(Trainee_Activities!H:H,Trainee_Activities!A:A=A6))} -> Responsible Conduct of Research; NIH Grant Writing Seminar; SfN 2016; BME Workshop 2017 | R6: Postdoc, MIT | S6: Postdoc, MIT | T6: 3.85 / 3.90 | U6: UC Berkeley | Y6: 45802
A7: Brown, Leo | C7: Pre-doc | D7: Ramirez, Elena | E7: 2015–2016 | F7: BME | G7: Bioimaging for cardiac tissue | H7: 2013 | I7: Yr1: Univ | Yr2: R01 | Yr3–4: T32 XXX | Yr5: R01 | Yr6: R01 | J7: PhD, 2019 | L7: — | M7: l.brown@email.com | N7: Yes | O7: =_xlfn.XLOOKUP(A7, Publications!A:A, Publications!H:H, "Not Found") -> Not Found | P7: {=_xlfn.TEXTJOIN("; ",TRUE,_xlfn._xlws.FILTER(Trainee_Activities!H:H,Trainee_Activities!A:A=A7))} -> Journal Club Presentation; Mock Study Section | R7: Postdoc, UCSD | S7: Postdoc, UCSD | T7: 3.85 / 3.90 | U7: UC Irvine | Y7: 45802
A8: Martin, Maya | C8: Pre-doc | D8: Chen, Marcus | E8: 2015–2016 | F8: Education | G8: STEM retention in underrepresented groups | H8: 2014 | I8: Yr1: Univ|Yr2–3: T32 XXX| Yr4:….|Yr6 | J8: PhD, 2020 | L8: F31 / PI / 2017 | M8: m.martin@email.com | N8: Yes | O8: =_xlfn.XLOOKUP(A8, Publications!A:A, Publications!H:H, "Not Found") -> Total: 1 pub | P8: {=_xlfn.TEXTJOIN("; ",TRUE,_xlfn._xlws.FILTER(Trainee_Activities!H:H,Trainee_Activities!A:A=A8))} -> Research-in-Progress Talk; Career Panel with Alumni | R8: Postdoc, USC | S8: Postdoc, USC | T8: 3.72 / 3.85 | U8: CSU Fullerton | Y8: 45802
A9: Rahman, Sam | C9: Post-doc | D9: Desai, Priya | E9: 2015–2016 | F9: MBB | G9: Protein misfolding in neurodegeneration | H9: — | I9: Yr1: T32 XXX | J9: MD,PhD, 2015 | K9: Jun. 2015 | L9: F32 / PI / 2017 | M9: s.rahman@email.com | N9: Yes | O9: =_xlfn.XLOOKUP(A9, Publications!A:A, Publications!H:H, "Not Found") -> Total: 1 pub | P9: {=_xlfn.TEXTJOIN("; ",TRUE,_xlfn._xlws.FILTER(Trainee_Activities!H:H,Trainee_Activities!A:A=A9))} -> Summer Research Retreat | R9: Assistant Professor, UCSF | S9: Assistant Professor, UCSF | T9: — | U9: Stanford | Y9: 45802
A10: Butkovich, Nina | C10: Pre-doc | D10: Wang, Szu-Wen | E10: 2020-2025 | F10: CBE | G10: Protein engineering, Nanoparticle delivery to the brain | H10: 2018 | I10: Yr1: T32 training grant fellowship T32AG081185 | J10: PhD, 2024 | K10: Sept. 2025 | M10: Nin@email.com | N10: Yes | O10: =_xlfn.XLOOKUP(A10, Publications!A:A, Publications!H:H, "Not Found") -> Total: 6 pubs; First Author: 3 pubs; In-progress: 3 pubs | P10: {=_xlfn.TEXTJOIN("; ",TRUE,_xlfn._xlws.FILTER(Trainee_Activities!H:H,Trainee_Activities!A:A=A10))} -> CNCM Conference (2025); Journal Club Presentation; Research talk and panel discussion; "Your Brain on Art" CNCM/humanities function; AIChE (American Institute of Chemical Engineering) 2024 Annual Conference; CNCM Conference (2024); Invention disclosure through the UCI Beall Applied Innovation, Research Translation Group | R10: Postdoc, UCI | S10: Postdoc, UCI | T10: 3.955 | U10: California Institute of Technology | Y10: 45887
P13: {=_xlfn.TEXTJOIN("; ",TRUE,_xlfn._xlws.FILTER(Trainee_Activities!I:I,Trainee_Activities!A:A=A13))}
P14: {=_xlfn.TEXTJOIN("; ",TRUE,_xlfn._xlws.FILTER(Trainee_Activities!I:I,Trainee_Activities!A:A=A14))}
P15: {=_xlfn.TEXTJOIN("; ",TRUE,_xlfn._xlws.FILTER(Trainee_Activities!I:I,Trainee_Activities!A:A=A15))}
P16: {=_xlfn.TEXTJOIN("; ",TRUE,_xlfn._xlws.FILTER(Trainee_Activities!I:I,Trainee_Activities!A:A=A16))}
P17: {=_xlfn.TEXTJOIN("; ",TRUE,_xlfn._xlws.FILTER(Trainee_Activities!I:I,Trainee_Activities!A:A=A17))}
P18: {=_xlfn.TEXTJOIN("; ",TRUE,_xlfn._xlws.FILTER(Trainee_Activities!I:I,Trainee_Activities!A:A=A18))}
P19: {=_xlfn.TEXTJOIN("; ",TRUE,_xlfn._xlws.FILTER(Trainee_Activities!I:I,Trainee_Activities!A:A=A19))}
P20: {=_xlfn.TEXTJOIN("; ",TRUE,_xlfn._xlws.FILTER(Trainee_Activities!I:I,Trainee_Activities!A:A=A20))}
P21: {=_xlfn.TEXTJOIN("; ",TRUE,_xlfn._xlws.FILTER(Trainee_Activities!I:I,Trainee_Activities!A:A=A21))}
P22: {=_xlfn.TEXTJOIN("; ",TRUE,_xlfn._xlws.FILTER(Trainee_Activities!I:I,Trainee_Activities!A:A=A22))}
P23: {=_xlfn.TEXTJOIN("; ",TRUE,_xlfn._xlws.FILTER(Trainee_Activities!I:I,Trainee_Activities!A:A=A23))}
P24: {=_xlfn.TEXTJOIN("; ",TRUE,_xlfn._xlws.FILTER(Trainee_Activities!I:I,Trainee_Activities!A:A=A24))}
... P55: {=_xlfn.TEXTJOIN("; ",TRUE,_xlfn._xlws.FILTER(Trainee_Activities!I:I,Trainee_Activities!A:A=A55))}
A56: Martinez

Sheet Publications
A6: Trainee Full Name | Last Name, First Name | B6: Trainee UCI - ID | C6: Trainee Type | D6: Faculty Mentor | Last Name, First Name | E6: Year Supported by this TG | F6: Publications (Authors, Year, Title, Journal, Volume) | G6: Active PubMed Link | H6: Number of Publications | I6: Updated Date
A7: Blake, Lisa | C7: Pre-doc | D7: Ramirez, Elena | E7: 2015–2018 | F7: Li, X., Blake,L, 2019. Neural Dynamics of Sensorimotor Integration. J Neurosci. 39(21):1234–1246. | G7: PubMed Link | H7: Total: 2 pubs; First Author: 0 pubs; In-progress: 1 pub
A8: Blake, Lisa | C8: Pre-doc | D8: Ramirez, Elena | E8: 2015–2018 | F8: Martinez, R., Chen, Blake, L., K., 2020. Adaptive Neural Interfaces for Real-Time Motor Control in Paralyzed Patients. Nature Biomedical Engineering. 4(8):892–905. | G8: PubMed Link
A9: Martin, Maya | C9: Pre-doc | D9: Chen, Marcus | E9: 2014–2018 | F9: MM, Y., 2018. Educational Interventions in Minority STEM Programs. J Educ Psychol. 110(4):567–580. | G9: PubMed Link | H9: Total: 1 pub
A10: Rahman, Sam | C10: Post-doc | D10: Ramirez, Elena | E10: 2015–2017 | F10: SR, Z., 2017. Mitochondrial Biogenesis in Neural Stem Cells. Cell Stem Cell. 21(3):345–356. | G10: PubMed Link | H10: Total: 1 pub
A11: Butkovich, Nina | C11: Post-doc | D11: Wang, Szu-Wen | E11: 2024-2025 | F11: Butkovich, N.; Xu, Y.; Song, Y.; Ramirez, A.; Li, E.; Siao, N.T.C; Velazquez-Rivera, E.; Xiang, L.; Xu, X.; Wang, S.W., 2025. AAV9-mimetic peptides and electroporation synergistically enhance nanoparticle transport through the blood-brain barrier. ACS Biomater Sci Eng [SUBMITTED] | G11: PubMed Link | H11: Total: 6 pubs; First Author: 3 pubs; In-progress: 3 pubs | I11: 45887
A12: Butkovich, Nina | C12: Pre-doc | D12: Wang, Szu-Wen | E12: 2020-2025 | F12: Li, E.; Butkovich, N.; Tucker, J. A.; Nelson, E. L.; Wang, S. W., 2023. Evaluating Anti-tumor Immune Responses of Protein Nanoparticle-Based Cancer Vaccines. Methods Mol Biol. 2671:321-333. | G12: https://pubmed.ncbi.nlm.nih.gov/37308653/
A13: Butkovich, Nina | C13: Pre-doc | D13: Wang, Szu-Wen | E13: 2020-2025 | F13: Butkovich, N.; Tucker, J. A.; Ramirez, A.; Li, E.; Meli, V. S.; Nelson, E. L.; Wang, S. W., 2023. Nanoparticle vaccines can be designed to induce pDC support of mDCs for increased antigen display. Biomater Sci. 11(2):596-610. | G13: https://pubmed.ncbi.nlm.nih.gov/34141865/
A14: Butkovich, Nina | C14: Pre-doc | D14: Wang, Szu-Wen | E14: 2020-2025 | F14: Li, E.; Brennan, C. K.; Ramirez, A.; Tucker, J. A.; Butkovich, N.; Meli, V. S.; Ionkina, A. A.; Nelson, E. L.; Prescher, J. A.; Wang, S. W., 2022. Macromolecular assembly of bioluminescent protein nanoparticles for enhanced imaging. Mater Today Bio. 17:100455. | G14: https://pubmed.ncbi.nlm.nih.gov/36476811/
A15: Butkovich, Nina | C15: Pre-doc | D15: Wang, Szu-Wen | E15: 2020-2025 | F15: Butkovich, N.; Li, E.; Ramirez, A.; Burkhardt, A. M.; Wang, S. W., 2021. Advancements in protein nanoparticle vaccine platforms to combat infectious disease. Wiley Interdiscip Rev Nanomed Nanobiotechnol. 13(3):e1681. | G15: https://pubmed.ncbi.nlm.nih.gov/36304975/
A16: Butkovich, Nina | C16: Pre-doc | D16: Wang, Szu-Wen | E16: 2020-2025 | F16: Neek, M.; Tucker, J. A.; Butkovich, N.; Nelson, E. L.; Wang, S. W., 2020. An Antigen-Delivery Protein Nanoparticle Combined with Anti-PD-1 Checkpoint Inhibitor Has Curative Efficacy in an Aggressive Melanoma Model. Adv Ther. 3(12):2000122. | G16: https://pubmed.ncbi.nlm.nih.gov/33164326/
A17: Butkovich, Nina | C17: Pre-doc | D17: Wang, Szu-Wen | E17: 2020-2025 | F17: Butkovich, L.; Butkovich, N.; Devdariani, S.; Plott, C. R.; Seo, H., 2020. Fake News, Information Herds, Cascades, and Economic Knowledge. Public Financ Rev. 48(6):806-828. | G17: PubMed Link
A18: Chu, Sue | H18: Total: 5 pubs, First Author: 2 pubs

Sheet Trainee_Activities
A5: Trainee Full Name | Last Name, First Name | B5: Trainee UCI - ID | C5: Trainee Type | D5: Faculty Mentor | Last Name, First Name | E5: Degree/Department | F5: Date of Activity | G5: Activity Type | H5: Activity Description | I5: Loan Repayment Program Participant
A6: Blake, Lisa | C6: Pre-doc | D6: Ramirez, Elena | E6: BME/PhD | F6: 2025-06-01 | G6: Workshop | H6: Responsible Conduct of Research
A7: Blake, Lisa | C7: Pre-doc | D7: Ramirez, Elena | E7: BME/PhD | F7: 2025-06-03 | G7: Career Development | H7: NIH Grant Writing Seminar
A8: Blake, Lisa | C8: Pre-doc | D8: Ramirez, Elena | E8: BME/PhD | F8: 2017-06-10 | G8: Conference | H8: SfN 2016; BME Workshop 2017
A9: Brown, Leo | C9: Pre-doc | D9: Ramirez, Elena | E9: BME/PhD | F9: 2025-06-05 | G9: Seminar | H9: Journal Club Presentation
A10: Brown, Leo | C10: Pre-doc | D10: Ramirez, Elena | E10: BME/PhD | F10: 2025-06-07 | G10: Career Development | H10: Mock Study Section
A11: Martin, Maya | C11: Pre-doc | D11: Chen, Marcus | E11: Education/PhD | F11: 2025-06-10 | G11: Oral Presentation | H11: Research-in-Progress Talk
A12: Martin, Maya | C12: Pre-doc | D12: Chen, Marcus | E12: Education/PhD | F12: 2025-06-12 | G12: Career Development | H12: Career Panel with Alumni
A13: Rahman, Sam | C13: Post-doc | D13: Desai, Priya | E13: MBB | F13: 2025-06-20 | G13: Retreat | H13: Summer Research Retreat
A14: Butkovich, Nina | C14: Post-doc | D14: Wang, Szu-Wen | E14: CBE | F14: 45887 | G14: Poster Presentation | H14: CNCM Conference (2025)
A15: Butkovich, Nina | C15: Pre-doc | D15: Wang, Szu-Wen | E15: CBE | F15: 45786 | G15: Seminar | H15: Journal Club Presentation
A16: Butkovich, Nina | C16: Pre-doc | D16: Wang, Szu-Wen | E16: CBE | F16: 45869 | G16: Career Development | H16: Research talk and panel discussion
A17: Butkovich, Nina | C17: Pre-doc | D17: Wang, Szu-Wen | E17: CBE | F17: 45635 | G17: Retreat | H17: "Your Brain on Art" CNCM/humanities function
A18: Butkovich, Nina | C18: Pre-doc | D18: Wang, Szu-Wen | E18: CBE | F18: 45594 | G18: Conference | H18: AIChE (American Institute of Chemical Engineering) 2024 Annual Conference
A19: Butkovich, Nina | C19: Pre-doc | D19: Wang, Szu-Wen | E19: CBE | F19: 45524 | G19: Poster Presentation | H19: CNCM Conference (2024)
A20: Butkovich, Nina | C20: Pre-doc | D20: Wang, Szu-Wen | E20: CBE | F20: 45552 | G20: Career Development | H20: Invention disclosure through the UCI Beall Applied Innovation, Research Translation Group
A21: Chu, Sue | H21: Research talk and panel discussion

Sheet Applications
A6: Application Date | B6: Trainee Full Name | Last Name, First Name | C6: Trainee Accepted | D6: ORCID iD | E6: Degree Program / Department | F6: Mentor | G6: Year in Training | H6: TGE (US Citizen/PR) | I6: Research Interest | J6: Notes

Sheet Mentoring_Mentors
A6: Mentor Full Name | Last Name, First Name | B6: Attended Faculty Mentoring Academy Session 1 | C6: Attended Faculty Mentoring Academy Session 2 | D6: Attended Faculty Mentoring Academy Session 3 | E6: Attended Other Mentoring Programs | F6: NOTES
